 Dungeon Crawl Stone Soup version 0.32-a0-913-g739538afd8 (webtiles) character file.

Game seed: 15368138040468937670

40 Shayle the Apothecary (level 3, -4/26 HPs)
             Began as a Coglin Alchemist on Apr 8, 2024.
             Killed from afar by an orc wizard (10 damage)
             ... with a puff of flame
             ... on level 2 of the Dungeon.
             The game lasted 00:02:58 (1205 turns).

Shayle the Apothecary (Coglin Alchemist)            Turns: 1205, Time: 00:02:59

Health: -4/26      AC:  2    Str: 10    XL:     3   Next: 50%
Magic:  0/6        EV: 11    Int: 14    God:
Gold:   108        SH:  0    Dex: 14    Spells: 5/6 levels left

rFire   . . .        b - +0 spear {Masataka}
rCold   . . .        c - +0 mace {Nodoka}
rNeg    . . .        a - +0 robe
rPois   .            (no helmet)
rElec   .            (no cloak)
rCorr   .            (no gloves)
SInv    .            (no boots)
Will    .....        (amulet unavailable)
Stlth   ++           (ring unavailable)
HPRegen 0.24/turn    (ring unavailable)
MPRegen 0.10/turn    (no gizmo)

%: no passive effects
@: revving
A: off-hand wielding, slow wielding, warmup strikes, no jewellery
a: Invent Gizmo


You were on level 2 of the Dungeon.
You visited 1 branch of the dungeon, and saw 3 of its levels.

You collected 108 gold pieces.

Inventory:

Hand Weapons
 b - a +0 spear (weapon) {Masataka}
 c - a +0 mace (offhand) {Nodoka}
Armour
 a - a +0 robe (worn)
Scrolls
 d - a scroll of teleportation {unknown}
 f - a scroll of butterflies {unknown}
 g - a scroll of enchant armour {unknown}
 h - a scroll of identify {unknown}
 k - a scroll of revelation {unknown}
Potions
 e - 2 potions of degeneration {unknown}
 i - 3 potions of curing
 j - a potion of invisibility {unknown}
 l - a potion of brilliance {unknown}


   Skills:
 + Level 1.2 Fighting
 + Level 2.2 Dodging
 - Level 1.5 Stealth
 + Level 2.2 Spellcasting
 - Level 0.8 Conjurations
 + Level 3.7 Alchemy


You had 5 spell levels left.
You knew the following spells:

 Your Spells              Type           Power      Damage    Failure   Level
a - Sting                 Conj/Alch      32%        1d5       9%          1

Your spell library contained the following spells:

 Spells                   Type           Power      Damage    Failure   Level
 Mercury Vapours          Alch/Air       12%        N/A       16%         2
 Mephitic Cloud           Conj/Alch/Air  5%         N/A       36%         3
 Olgreb's Toxic Radiance  Alch           12%        N/A       45%         4
 Tukima's Dance           Hex            1%         N/A       56%         3
 Sticky Flame             Fire/Alch      6%         2d4       71%         4
 Iskenderun's Mystic Bla Conj/Tloc 2%             2d3        (+2d1     89%         4
 Dimensional Bullseye     Hex/Tloc       0%         N/A       93%         4


Dungeon Overview and Level Annotations

Branches:
Dungeon (3/15)

Altars:
Ashenzari


Innate Abilities, Weirdness & Mutations

You can wield a second weapon in your off-hand.
It takes a long time for you to wield or remove held weapons.
Your first few attacks do less damage.
You cannot equip rings or amulets.


Message History

Casting: Sting (safe; 9% risk of failure)
Confirm with . or Enter, or press ? or * to list all spells.
Aiming: Sting (safe; 9% risk of failure)
Press: ? - help, Shift-Dir - straight line, f - orc wizard
Aim: an orc wizard, wielding a +1 dagger of flaming and wearing a +0 robe (moderately wounded, 60% to hit)
The sting hits the orc wizard.
The orc wizard is poisoned.
The orc wizard is heavily wounded.
The orc wizard hits you with a +1 dagger of flaming.
The orc wizard burns you.
Casting: Sting (safe; 9% risk of failure)
Confirm with . or Enter, or press ? or * to list all spells.
Aiming: Sting (safe; 9% risk of failure)
Press: ? - help, Shift-Dir - straight line, f/p - orc wizard
Aim: an orc wizard, wielding a +1 dagger of flaming and wearing a +0 robe (heavily wounded, poisoned, 60% to hit)
The sting misses the orc wizard.
The orc wizard hits you with a +1 dagger of flaming.
The orc wizard burns you.
Casting: Sting (safe; 9% risk of failure)
Confirm with . or Enter, or press ? or * to list all spells.
Aiming: Sting (safe; 9% risk of failure)
Press: ? - help, Shift-Dir - straight line, f/p - orc wizard
Aim: an orc wizard, wielding a +1 dagger of flaming and wearing a +0 robe (heavily wounded, poisoned, 60% to hit)
The sting hits the orc wizard.
The orc wizard looks even sicker.
The orc wizard is severely wounded.
The orc wizard hits you with a +1 dagger of flaming.
* * * LOW HITPOINT WARNING * * *
The orc wizard burns you.
* * * LOW HITPOINT WARNING * * *
You hit the orc wizard but do no damage.
The orc wizard is severely wounded.
You hit the orc wizard but do no damage.
The orc wizard hits you with a +1 dagger of flaming.
* * * LOW HITPOINT WARNING * * *
The orc wizard burns you.
* * * LOW HITPOINT WARNING * * *
The orc wizard completely misses you.
It was a potion of curing.
You feel better. The orc wizard casts a spell at you.
The puff of flame hits you!
You die...

......##..............#
#......#
......###.............#
#......# ......#
#............<# #.......
##....#
#............#########..#
......#
####...####..............
...####
###...##.###..####..##
...# #................###
...# #.)o.....#..........
...# #..@.........[......
...# #..)...#.##.........
<..# #......#.##.........
...# #........##.........
...# ###########.........
...# #......... ...#
#......... ...#
#......... ...#
##########


You could see an orc wizard (very poisoned).

Vanquished Creatures
  2 dart slugs (D:1)
  2 orcs (D:2)
  3 ball pythons
  3 endoplasms (D:1)
  A giant cockroach (D:1)
  3 goblins (D:2)
  3 hobgoblins (D:1)
  A quokka (D:1)
  6 bats
  2 frilled lizards (D:2)
  A kobold (D:2)
  4 rats
31 creatures vanquished.

Notes
Turn   | Place    | Note
-------+----------+-------------------------------------------
     0 | D:1      | Shayle the Coglin Alchemist began the quest for the Orb.
     0 | D:1      | Reached XP level 1. HP: 13/13 MP: 3/3
    70 | D:1      | Noticed a great orb of eyes
    72 | D:1      | Found a faded altar of an unknown god.
    99 | D:1      | Noticed a great orb of eyes
    99 | D:1      | Noticed an eye of devastation
    99 | D:1      | Noticed a glass eye
   176 | D:1      | Reached XP level 2. HP: 20/20 MP: 2/4
   458 | D:1      | Reached skill level 1 in Fighting
   472 | D:1      | Reached XP level 3. HP: 26/26 MP: 6/6
   660 | D:2      | Found a broken altar of Ashenzari.
  1204 | D:2      | HP: 1/26 [orc wizard/+1 dagger of flaming (1)]
  1205 | D:2      | Killed from afar by an orc wizard

Illustrated notes

Levels and vault maps discovered:
D:1:      elethiomel_arrival_shortcut, layout_rooms,
          hellmonk_ecumenical_altar_watching_god, minmay_pentomino_o2
D:2:      layout_basic, basic_altar
D:3:      layout_loops_cross, nicolae_half_adder

Skill      XL: |  1  2 |
---------------+-------+-----
Dodging        | 2 |  2.2
Spellcasting   | 2 |  2.2
Fighting       | 1 |  1.2
Stealth        | |  1.5
Conjurations   | |  0.8
Alchemy        | |  3.7

Action                     || total
---------------------------++-------
  Melee: Unarmed           ||     4
         Spear             ||    57
         Mace              ||    37
   Cast: Sting             ||    17
    Use: Potion            ||     2
   Stab: Sleeping          ||     3
 Armour: Robe              ||    50
  Dodge: Dodged            ||    53

Table legend: (Time is in decaauts)
 A = Elapsed time spent in this place.
 B = Non-inter-level travel time spent in this place.
 C = Inter-level travel time spent in this place.
 D = Time resting spent in this place.
 E = Time spent auto-exploring this place.
 F = Levels seen in this place.
 G = Mean time per level.
                   A        B        C        D        E       F      G
               +--------+--------+--------+--------+--------+-----+--------+
         Total |   1221 |   1163 |     58 |     47 |    789 |   3 |  407.0 |
       Dungeon |   1221 |   1163 |     58 |     47 |    789 |   3 |  407.0 |
               +--------+--------+--------+--------+--------+-----+--------+

Top non-repeatable levels by time:
     D:1: 618 daAuts
     D:2: 592 daAuts
     D:3: 10 daAuts
